 Dungeon Crawl Stone Soup version 0.17-a0-2215-g49c1de0 (webtiles) character file.

158 hexophile the Ruffian (level 5, -2/50 HPs)
             Began as a Troll Fighter on Oct 27, 2015.
             Was an Initiate of Okawaru.
             Slain by a gnoll
             ... wielding a +0 spear
              (7 damage)
             ... on level 3 of the Dungeon.
             The game lasted 00:02:16 (2020 turns).

hexophile the Ruffian (Troll Fighter)               Turns: 2020, Time: 00:02:17

Health: -2/50      AC:  5    Str: 24    XL:     5   Next: 16%
Magic:  4/4        EV:  8    Int:  4    God:    Okawaru [......]
Gold:   112        SH:  8    Dex: 10    Spells: 0 memorised, 4 levels left

rFire  . . .     SeeInvis .       - Unarmed
rCold  . . .     Clarity  .     a - +0 robe
rNeg   . . .     SustAt   .     b - +0 shield
rPois  .         Gourm    +     (helmet restricted)
rElec  .         Spirit   .     (no cloak)
rCorr  .         Warding  .     (gloves unavailable)
rMut   .         Stasis   .     (boots unavailable)
MR     .....                    (no amulet)
Stlth  +.........               (no ring)
                                (no ring)

@: not resistant to hostile enchantments, very unstealthy
A: unfitting armour, claws 3, fast metabolism 3, gourmand, regeneration 2,
shaggy fur 1, tough skin 2
a: Renounce Religion


You were on level 3 of the Dungeon.
You worshipped Okawaru.
Okawaru was noncommittal.
You were completely stuffed.

You visited 1 branch of the dungeon, and saw 3 of its levels.

You collected 112 gold pieces.


Innate Abilities, Weirdness & Mutations

You are too large for most types of armour.
You have claws for hands.
Your metabolism is lightning-fast.
You like to eat raw meat.
You heal very quickly.
You are covered in fur (AC +1).
You have very tough skin (AC +2).

Inventory:

Missiles
 o - 8 curare-tipped needles
Armour
 a - a +0 robe (worn)
 b - a +0 shield (worn)
Jewellery
 n - an uncursed ring of protection from magic {unknown}
Scrolls
 e - 4 scrolls of identify {unknown}
 f - a scroll of blinking {unknown}
 g - 2 scrolls of teleportation {unknown}
 h - 2 scrolls of remove curse {unknown}
 i - 3 scrolls of fog {unknown}
 j - 2 scrolls of immolation {unknown}
 l - a scroll of enchant armour {unknown}
Potions
 c - a potion of might
 k - a potion of brilliance {unknown}
 m - a potion of ambrosia {unknown}
 p - a potion of cancellation {unknown}
Comestibles
 d - 3 bread rations
 q - a chunk of flesh


You had 4 spell levels left.
You didn't know any spells.


   Skills:
 - Level 2.4 Fighting
 - Level 2.4 Dodging
 - Level 2.4 Shields
 * Level 5.3 Unarmed Combat
 + Level 0.3 Invocations

Dungeon Overview and Level Annotations

Branches:
Dungeon (3/15)

Altars:
Okawaru
Xom

Vault maps used:
D:1:      lightli_arrival_isolated_outpost
D:2:      lemuel_crystal_altar, first_bread, dk_xom_monty_hall
D:3:      minmay_goblin_kobold_castle
You       could see a gnoll, a hobgoblin and 2 goblins.


Message History

2 goblins, a hobgoblin and a gnoll come into view.
A hobgoblin comes into view. It is wielding a club.
The goblin shouts!
The hobgoblin shouts!
There is an open door here.
The goblin hits you but does no damage.
The hobgoblin hits you but does no damage.
You scratch the hobgoblin.
The hobgoblin is heavily wounded.
The goblin hits you with a club. You block the goblin's attack.
You take 3 damage, and have 47/50 hp.
You scratch the hobgoblin.
You kill the hobgoblin!
Okawaru accepts your kill. You block the gnoll's attack.
The goblin hits you with a club.
You take 2 damage, and have 45/50 hp.
You block the hobgoblin's attack. The gnoll hits you with a spear.
You block the goblin's attack. The goblin barely misses you.
You scratch the gnoll.
The gnoll is lightly wounded.
The gnoll barely misses you. You block the hobgoblin's attack.
The goblin hits you with a club. The goblin hits you but does no damage.
You take 4 damage, and have 41/50 hp.
You scratch the gnoll.
The gnoll is moderately wounded.
The gnoll hits you with a spear. The hobgoblin barely misses you.
The goblin hits you with a club. x2
You take 11 damage, and have 30/50 hp.
MASSIVE DAMAGE!!
You claw the gnoll!
The gnoll is almost dead.
The gnoll hits you with a spear! The hobgoblin hits you with a club.
* * * LOW HITPOINT WARNING * * *
You take 11 damage, and have 19/50 hp.
MASSIVE DAMAGE!!
You closely miss the gnoll.
The gnoll is almost dead.
The goblin hits you with a club.
* * * LOW HITPOINT WARNING * * *
The goblin hits you but does no damage. The gnoll hits you with a spear.
* * * LOW HITPOINT WARNING * * *
You take 7 damage, and have 12/50 hp.
You scratch the gnoll but do no damage.
The gnoll is almost dead.
You block the hobgoblin's attack. The goblin hits you with a club.
* * * LOW HITPOINT WARNING * * *
The goblin hits you but does no damage. The gnoll hits you with a spear.
* * * LOW HITPOINT WARNING * * *
You take 8 damage, and have 4/50 hp.
Unknown command.
The goblin barely misses you. The goblin hits you but does no damage.
The gnoll hits you from afar with a spear!
You die...

Action                   |  1- 3 |  4- 6 || total
-------------------------+-------+-------++-------
Melee: Unarmed           |   141 |    47 ||   188
 Stab: Sleeping          |     1 |       ||     1
  Eat: Chunk             |    15 |     5 ||    20
       Bread ration      |     1 |       ||     1

Notes
Turn   | Place    | Note
--------------------------------------------------------------
     0 | D:1      | hexophile the Troll Fighter began the quest for the Orb.
     0 | D:1      | Reached XP level 1. HP: 22/22 MP: 0/0
   267 | D:1      | Reached XP level 2. HP: 29/29 MP: 1/1
   290 | D:1      | Reached skill level 3 in Unarmed Combat
   761 | D:1      | Reached XP level 3. HP: 36/36 MP: 2/2
   849 | D:2      | Found a shimmering altar of Xom.
  1439 | D:2      | Reached skill level 4 in Unarmed Combat
  1495 | D:2      | Found an iron altar of Okawaru.
  1509 | D:2      | Became a worshipper of Warmaster Okawaru
  1648 | D:2      | Reached XP level 4. HP: 14/44 MP: 3/3
  1913 | D:3      | Reached skill level 5 in Unarmed Combat
  1913 | D:3      | Reached XP level 5. HP: 50/50 MP: 4/4
  2020 | D:3      | Slain by a gnoll

Table legend:
 A = Turns spent in this place as a percentage of turns spent in the entire game.
 B = Non-inter-level travel turns spent in this place as a percentage of non-inter-level travel turns spent in the entire game.
 C = Inter-level travel turns spent in this place as a percentage of turns spent in this place.
 D = Turns resting spent in this place as a percentage of non-inter-level travel turns spent in this place.
 E = Turns spent auto-exploring this place as a percentage of non-inter-level travel turns spent in this place.
 F = Non-inter-level travel turns spent in this place divided by the number of levels of this place that you've seen.
                   A       B       C       D       E      F
               +-------+-------+-------+-------+-------+----------------------
         Total | 100.0 | 100.0 |   0.3 |   1.1 |  13.5 | 234.7
       Dungeon | 100.0 | 100.0 |   0.3 |   1.1 |  13.5 | 234.7
               +-------+-------+-------+-------+-------+----------------------

Table legend:
 A = Kills in this place as a percentage of kills in entire the game.
 B = Kills by you in this place as a percentage of kills by you in the entire game.
 C = Kills by friends in this place as a percentage of kills by friends in the entire game.
 D = Other kills in this place as a percentage of other kills in the entire game.
 E = Experience gained in this place as a percentage of experience gained in the entire game.
 F = Experience gained in this place divided by the number of levels of this place that you have seen.
                   A       B       C       D       E      F
               +-------+-------+-------+-------+-------+----------------------
         Total | 100.0 | 100.0 |  -nan |  -nan | 100.0 |  75.3
       Dungeon | 100.0 | 100.0 |  -nan |  -nan | 100.0 |  75.3
               +-------+-------+-------+-------+-------+----------------------

Vanquished Creatures
  A wight (D:3)
  A jelly (D:2)
  2 adders
  A worm (D:2)
  3 giant geckos
  7 bats
  3 giant cockroaches
  10 hobgoblins
  7 jackals
  3 kobolds (D:1)
  A sheep (D:2)
  13 goblins
  10 rats
62 creatures vanquished.
